 Dungeon Crawl Stone Soup version 0.24-a0-57-gac335f2 (webtiles) character file.

Game seed: 8824493997331706767

32 galech the Skirmisher (level 3, 21/29 HPs)
             Began as a Demonspawn Fighter on Feb 4, 2019.
             Quit the game on level 2 of the Dungeon.
             The game lasted 00:01:17 (704 turns).

galech the Skirmisher (Demonspawn Fighter)           Turns: 704, Time: 00:01:18

Health: 21/29      AC:  9    Str: 16    XL:     3   Next: 8%
Magic:  3/3        EV:  7    Int:  9    God:
Gold:   49         SH:  9    Dex: 13    Spells: 2/2 levels left

rFire    . . .     SeeInvis .   a - +0 war axe
rCold    . . .     Gourm    .   c - +0 shield
rNeg     . . .     Faith    .   b - +0 scale mail
rPois    .         Spirit   .   (no helmet)
rElec    .         Reflect  .   (no cloak)
rCorr    .         Harm     .   (no gloves)
MR       .....                  j - +0 pair of boots
Stlth    ..........             (no amulet)
HPRegen  0.09/turn              (no ring)
MPRegen  0.08/turn              (no ring)

@: mildly poisoned (21 -> 19)
A: hooves 1, molten scales 1
a: no special abilities


You were on level 2 of the Dungeon.
You were not hungry.

You visited 1 branch of the dungeon, and saw 2 of its levels.

You collected 49 gold pieces.

Inventory:

Hand Weapons
 a - a +0 war axe (weapon)
Armour
 b - a +0 scale mail (worn)
 c - a +0 shield (worn)
 j - a +0 pair of boots (worn)
Scrolls
 i - a scroll of magic mapping {unknown}
 m - a scroll of enchant weapon {unknown}
Potions
 d - a potion of might
 e - a potion of curing {unknown}
 h - a potion of heal wounds {unknown}
 k - a potion of brilliance {unknown}
 l - a potion of agility {unknown}
Comestibles
 f - 4 rations
 g - 6 chunks of flesh


   Skills:
 + Level 3.2 Fighting
 + Level 2.4 Axes
 + Level 2.8 Armour
 + Level 0.4 Dodging
 + Level 3.0 Shields


You had 2 spell levels left.
You didn't know any spells.
Your spell library was empty.

Dungeon Overview and Level Annotations

Branches:
Dungeon (2/15)

Altars:


Innate Abilities, Weirdness & Mutations

You have large cloven feet.
You are partially covered in molten scales. (AC +2)


Message History

The adder poisons you! The adder barely misses you.
You hit the adder but do no damage.
The adder is almost dead.
You feel sick. The adder bites you but does no damage.
The adder closely misses you.
You slash the adder!
You kill the adder!
You have reached level 3!
Your experience leads to an increase in your attributes!
Increase (S)trength, (I)ntelligence, or (D)exterity?
You feel agile.
Your demonic ancestry asserts itself...
Molten scales grow over part of your body.
You feel sick.
You see here an adder corpse.
You butcher the adder corpse.
You feel sick.
g - 6 chunks of flesh (gained 1)
You see here an adder skeleton.
You feel sick.
m - a scroll labeled PEQAOCW HUROA Are you sure you want to abandon this character and quit the game? (Confirm with "yes".)

.. #.###+###
........#
.......@#
........#
........# #
........+ .#
........# .#
.......รท##.####.
................
................
................


There were no monsters in sight!

Vanquished Creatures
  An adder (D:2)
  2 dart slugs
  2 bats (D:1)
  6 goblins
  3 hobgoblins (D:1)
  A frilled lizard (D:1)
  2 kobolds (D:1)
17 creatures vanquished.

Notes
Turn   | Place    | Note
-------+----------+-------------------------------------------
     0 | D:1      | galech the Demonspawn Fighter began the quest for the Orb.
     0 | D:1      | Reached XP level 1. HP: 18/18 MP: 1/1
   265 | D:1      | Gained mutation: You have large cloven feet. [demonic
                  | ancestry]
   265 | D:1      | Reached XP level 2. HP: 19/24 MP: 2/2
   694 | D:2      | Gained mutation: You are partially covered in molten
                  | scales. (AC +2) [demonic ancestry]
   694 | D:2      | Reached XP level 3. HP: 23/29 MP: 3/3
   704 | D:2      | Quit the game

Vault maps used:
D:1:      dpeg_arrival_rhombus, chequers_serial_rivers_marsh
D:2:      overflow_temple_1_default, nicolae_overflow_crystal_walls,
          uniq_crazy_yiuf_cottage

Skill      XL: |  1  2 |
---------------+-------+-----
Shields        | 3 |  3.0
Axes           | 2 |  2.4
Fighting       | |  3.2
Armour         | |  2.8
Dodging        | |  0.4

Action                   || total
-------------------------++-------
Melee: War axe           ||    67
       Kick              ||     4
Armor: Scale mail        ||    31
Dodge: Dodged            ||    25
Block: Shield            ||    31

Table legend:
 A = Non-vault XP
 B = Vault XP
 C = Vault XP percentage of total XP
 D = Non-vault monster count
 E = Vault monster count
 F = Vault count percentage of total count
                 A         B        C        D         E       F
            +---------+---------+-------+---------+---------+-------
      Total |      46 |       0 |   0.0 |      17 |       0 |   0.0
            +---------+---------+-------+---------+---------+-------
        D:1 |      26 |       0 |   0.0 |      14 |       0 |   0.0
        D:2 |      20 |       0 |   0.0 |       3 |       0 |   0.0
            +---------+---------+-------+---------+---------+-------
